 Dungeon Crawl Stone Soup version 0.31-a0-691-g409c26aa35 (webtiles) character file.

Game seed: 15472801016433394562

1563 senseless the Skirmisher (level 8, -16/43 HPs)
             Began as a Deep Elf Hunter on Sept 6, 2023.
             Was a Follower of Hepliaklqana.
             Killed from afar by a gargoyle (22 damage)
             ... with a stone arrow
             ... on level 7 of the Dungeon.
             The game lasted 00:13:47 (5318 turns).

senseless the Skirmisher (Deep Elf Hunter)          Turns: 5318, Time: 00:13:48

Health: -16/43     AC:  8    Str:  8    XL:     8   Next: 58%
Magic:  10/10      EV: 15    Int: 15    God:    Hepliaklqana [*.....]
Gold:   261        SH:  0    Dex: 20    Spells: 7/7 levels left

rFire   . . .        k - +2 arbalest (flame)
rCold   . . .        (shield currently unavailable)
rNeg    . . .        c - +0 leather armour
rPois   .            (no helmet)
rElec   .            (no cloak)
rCorr   .            g - +1 pair of gloves
SInv    .            f - +2 pair of boots
Will    .....        i - amulet of magic regeneration
Stlth   ++++         (no ring)
HPRegen 0.27/turn    (no ring)
MPRegen 0.52/turn

%: no passive effects
@: no status effects
A: reduced essence
a: Renounce Religion, Recall Ancestor, Ancestor Identity


You were on level 7 of the Dungeon.
You worshipped Hepliaklqana.
Hepliaklqana was aware of your devotion.
You visited 2 branches of the dungeon, and saw 8 of its levels.

You collected 261 gold pieces.

Inventory:

Hand Weapons
 k - a +2 arbalest of flaming (weapon)
 m - a +1 dagger of electrocution
 p - the +4 whip "Narizid" {heavy, Drain rPois Dex+6}
   (You found it on level 3 of the Dungeon)

   Dex+6:     It affects your dexterity (+6).
   rPois:     It protects you from poison Drain: It drains your maximum health
   when unequipped.
 q - a +2 antimagic spear
Armour
 c - a +0 leather armour (worn)
 f - a +2 pair of boots (worn)
 g - a +1 pair of gloves (worn)
Jewellery
 i - an amulet of magic regeneration (around neck)
Talismans
 o - a blade talisman
Wands
 r - a wand of mindburst (15) (quivered)
Scrolls
 a - a scroll of amnesia
 b - a scroll of butterflies
 e - 5 scrolls of teleportation
 n - a scroll of fear
Potions
 d - 2 potions of curing
 h - 2 potions of haste
 j - 2 potions of attraction
 l - 4 potions of brilliance {unknown}
 s - 3 potions of enlightenment


   Skills:
 + Level 4.7 Fighting
 + Level 8.9 Ranged Weapons
 + Level 6.9 Dodging
 + Level 7.1 Stealth


You had 7 spell levels left.
You didn't know any spells.
Your spell library contained the following spells:

 Spells                   Type           Power      Damage    Failure   Level
 Frozen Ramparts          Ice            0%         1d1       75%         3
 Petrify                  Tmut/Erth      0%         N/A       98%         4
 Metabolic Englaciation   Hex/Ice        0%         N/A       100%        5
 Summon Forest            Summ/Tloc      0%         N/A       100%        5
 Summon Mana Viper        Hex/Summ       0%         N/A       100%        5
 Summon Cactus Giant      Summ           0%         N/A       100%        6


Dungeon Overview and Level Annotations

Branches:
Dungeon (7/15)             Temple (1/1) D:5

Altars:
Ashenzari
Cheibriados
Dithmenos
Elyvilon
Fedhas
Gozag
Hepliaklqana
Kikubaaqudgha
Makhleb
Nemelex Xobeh
Okawaru
Qazlal
Ru
Sif Muna
Trog
Uskayaw
Vehumet
Wu Jian
Xom
Yredelemnul
Zin
The Shining One

Shops:
D:2 [   D:5 !   D:7 :::


Message History

There is a stone staircase leading up here.
Ancestor HP restored.
You swap places.
Found a plate armour.
Found a potion of degeneration.
j - 2 potions of attraction (gained 1)
You swap places.
As you open the door, it creaks loudly!
A gargoyle opens the door.
Found 19 gold pieces.
You shoot a bolt. The bolt hits the gargoyle.
The bolt burns the gargoyle.
The gargoyle is moderately damaged.
The gargoyle hits Manelesi with a +0 morningstar.
You shoot a bolt. Manelesi avoids your attack.
The bolt barely misses the gargoyle.
Manelesi barely misses the gargoyle.
The gargoyle hits Manelesi with a +0 morningstar!!
Manelesi is destroyed!
You shoot a bolt. The bolt hits the gargoyle!
The bolt burns the gargoyle.
The gargoyle is severely damaged.
The gargoyle misses you.
You shoot a bolt.
The bolt hits the gargoyle but does no damage.
The gargoyle is severely damaged.
The gargoyle misses you. The gargoyle barely misses you.
You shoot a bolt. The bolt barely misses the gargoyle.
The gargoyle closely misses you.
You shoot a bolt. The bolt hits the gargoyle.
The bolt burns the gargoyle.
The gargoyle is almost destroyed.
The gargoyle hurls a stone arrow at you.
The stone arrow hits you!
The gargoyle hurls a stone arrow at you.
The stone arrow hits you!!
Ouch! That really hurt!
* * * LOW HITPOINT WARNING * * *
Okay, then.
You shoot a bolt. The bolt barely misses the gargoyle.
The gargoyle hurls a stone arrow at you.
The stone arrow hits you!!
Ouch! That really hurt!
You die...

+.........................
#....................####.
##...>...##...##...### ##
##....###8...8###.## #
##...# ##...## #..#
##.###+.....+###.#
##.#$#.......# #.#
#..##9.......+ #.# ###
#..##.@..8....##.#
..######..##'.......+##.#
#.##......#8#.......# #.#
#.##......###+.....+###.#
.###.##.......# ##+.+##
#..# ..............### ##
###.##
####.######.....#######...#
#.# #...#.........###
####.# ##.############


You could see a gargoyle.

Vanquished Creatures
  An ice beast (D:6)
  3 black bears
  3 ogres
  A centaur (D:6)
  2 phantoms (D:6)
  A scorpion (D:6)
  A gnoll sergeant (D:7)
  2 gnoll boudas (D:7)
  2 hounds
  5 orc wizards
  A mummy (D:5)
  16 gnolls
  8 adders
  A white imp (D:6)
  2 ufetubi
  A worm (D:2)
  2 dart slugs
  13 orcs
  6 ball pythons
  An endoplasm (D:4)
  4 giant cockroaches
  6 goblins
  8 hobgoblins
  16 jackals
  8 quokkas
  6 bats
  4 frilled lizards
  2 hobgoblin zombies (D:5)
  5 kobolds
  A kobold zombie (D:5)
  An orc zombie (D:5)
  6 rats
139 creatures vanquished.

Vanquished Creatures (others)
  An ancestor (D:7)
1 creature vanquished.

Grand Total: 140 creatures vanquished

Notes
Turn   | Place    | Note
-------+----------+-------------------------------------------
     0 | D:1      | senseless the Deep Elf Hunter began the quest for the Orb.
     0 | D:1      | Reached XP level 1. HP: 12/12 MP: 3/3
    90 | D:1      | Reached XP level 2. HP: 6/17 MP: 4/4
   412 | D:1      | Reached XP level 3. HP: 21/21 MP: 5/5
   713 | D:2      | Found Orrist's Armour Shoppe.
   891 | D:2      | Reached XP level 4. HP: 26/26 MP: 6/6
  1115 | D:2      | Reached skill level 6 in Ranged Weapons
  1524 | D:3      | Noticed an ogre
  1533 | D:3      | Killed an ogre
  1534 | D:3      | Reached XP level 5. HP: 21/31 MP: 7/7
  1896 | D:3      | Identified the +4 whip "Narizid" {heavy, Drain rPois Dex+6}
  2280 | D:3      | Noticed an ogre
  2282 | D:3      | Killed an ogre
  2283 | D:3      | Reached XP level 6. HP: 36/36 MP: 8/8
  2457 | D:4      | Reached skill level 7 in Ranged Weapons
  2534 | D:4      | Found an ornate altar of the Wu Jian Council.
  2754 | D:4      | Reached skill level 5 in Dodging
  3290 | D:5      | Entered Level 5 of the Dungeon
  3339 | D:5      | Reached XP level 7. HP: 41/41 MP: 9/9
  3378 | D:5      | Reached skill level 5 in Stealth
  3587 | D:5      | Found Xiuh's Distillery.
  3742 | D:5      | Found a staircase to the Ecumenical Temple.
  3750 | Temple   | Entered the Ecumenical Temple
  3806 | Temple   | Became a worshipper of Hepliaklqana the Forgotten
  4451 | D:6      | Reached skill level 8 in Ranged Weapons
  4451 | D:6      | Reached XP level 8. HP: 48/48 MP: 10/10
  4639 | D:6      | Reached * piety under Hepliaklqana
  5059 | D:7      | Found Wosezisa's Book Shop.
  5062 | D:7      | Found Keifuun's Book Shop.
  5064 | D:7      | Found Zuemytib's Book Shop.
  5312 | D:7      | Noticed a gargoyle
  5318 | D:7      | Killed from afar by a gargoyle

Illustrated notes

Levels and vault maps discovered:
D:1:      eino_arrival_water_star, layout_basic
D:2:      minmay_angry_zag, layout_loops_cross, serial_shops,
          nicolae_square_shop
D:3:      layout_loops_corners, chequers_serial_rivers_room_a, kennysheep_potato
D:4:      layout_cave_pools, mainiacjoe_overflow_alcove_4, serial_rivers,
          chequers_serial_rivers_marsh, chequers_serial_rivers_micro_a,
          chequers_serial_rivers_small_b, chequers_serial_rivers_room_a
D:5:      layout_gridville, minmay_temple_entry_overgrown, serial_shops, shop,
          minmay_mini_ossuary
D:6:      layout_basic
D:7:      cheibrodos_statue_roulette, layout_loops_corners,
          nicolae_shop_distant_corner_stores
Temple:   mainiacjoe_temple_starburst

Skill      XL: |  1  2  3  4  5  6  7  8 |
---------------+-------------------------+-----
Stealth        | 2 3 4 6 7 |  7.1
Dodging        | 3 4 5 6 |  6.9
Fighting       | 2 3 4 |  4.7
Ranged Weapons | 6 7 8 |  8.9

Action                     |  1- 3 |  4- 6 |  7- 9 || total
---------------------------+-------+-------+-------++-------
   Fire: Shortbow          |   114 |    36 |       ||   150
         Arbalest          |       |    88 |   114 ||   202
    Use: Scroll            |       |    14 |     7 ||    21
 Armour: Leather armour    |    40 |    35 |    21 ||    96
  Dodge: Dodged            |    59 |    49 |    24 ||   132

Table legend: (Time is in decaauts)
 A = Elapsed time spent in this place.
 B = Non-inter-level travel time spent in this place.
 C = Inter-level travel time spent in this place.
 D = Time resting spent in this place.
 E = Time spent auto-exploring this place.
 F = Levels seen in this place.
 G = Mean time per level.
                   A        B        C        D        E       F      G
               +--------+--------+--------+--------+--------+-----+--------+
         Total |   5465 |   5123 |    342 |    200 |   4098 |   8 |  683.1 |
       Dungeon |   5354 |   5120 |    234 |    200 |   4098 |   7 |  764.9 |
        Temple |    110 |      2 |    108 |      0 |      0 |   1 |  110.0 |
               +--------+--------+--------+--------+--------+-----+--------+

Top non-repeatable levels by time:
     D:6: 1001 daAuts
     D:3: 993 daAuts
     D:4: 906 daAuts
     D:2: 774 daAuts
     D:1: 698 daAuts
     D:5: 605 daAuts
     D:7: 374 daAuts
  Temple: 110 daAuts
